 Dungeon Crawl Stone Soup version 0.18-a0-1539-g1c7284a (webtiles) character file.

10584 M4edhros the Spear-Bearer (level 11, -24/97 HPs)
             Began as a Demonspawn Chaos Knight on Mar 7, 2016.
             Annihilated by a hill giant
             ... wielding a +0 giant club
              (42 damage)
             ... on level 9 of the Dungeon on Mar 9, 2016.
             The game lasted 00:49:03 (30062 turns).

M4edhros the Spear-Bearer (DsCK)                   Turns: 30062, Time: 00:49:04

Health: -24/97     AC: 23    Str:  9 (12) XL:     11   Next: 38%
Magic:  11/11      EV:  2    Int: 15 (19) God:    Xom [..*...]
Gold:   539        SH:  0    Dex: 15      Spells: 0 memorised, 10 levels left

rFire  . . .     SeeInvis .     C - +0 halberd (chaos)
rCold  . . .     Gourm    .     d - +0 plate armour
rNeg   . . .     Faith    +     (shield currently unavailable)
rPois  .         Spirit   .     (helmet restricted)
rElec  .         Dismiss  .     (no cloak)
rCorr  .         Reflect  .     g - +1 pair of gloves
SustAt .         Harm     .     (boots unavailable)
MR     .....     Clarity  +     m - amulet of faith
Stlth  ..........               G - ring of wizardry
                                y - +4 ring of intelligence

@: about to teleport, not resistant to hostile enchantments, extremely
unstealthy
A: claws 1, horns 1, talons 3, rough black scales 2, agile 1, blink, clarity,
demonic guardian 1, deterioration 2, regeneration 1, robust 1, rot immunity
a: Blink, Renounce Religion


You were on level 9 of the Dungeon.
You worshipped Xom.
You were a toy of Xom.
You were not hungry.

You visited 1 branch of the dungeon, and saw 9 of its levels.
You also visited: Sewer.

You collected 539 gold pieces.

Inventory:

Hand Weapons
 a - a +1 spear of chaos
 t - a +0 whip of electrocution
 C - a +0 halberd of chaos (weapon)
 D - a +0 short sword of protection
Missiles
 q - 2 javelins (quivered)
Armour
 d - a +0 plate armour (worn)
 g - a +1 pair of gloves (worn)
 j - a +0 buckler
Jewellery
 m - an amulet of faith (around neck)
 s - an uncursed amulet of regeneration
 y - a +4 ring of intelligence (left hand)
 F - an uncursed amulet of the gourmand
 G - a ring of wizardry (right hand)
Wands
 b - a wand of disintegration (13/24)
 i - a wand of lightning (4/15)
 k - a wand of digging (0/24)
 p - a wand of disintegration (5/24)
 z - a wand of teleportation (5/9)
 I - a wand of digging (8/24)
Scrolls
 h - a scroll of fog
 l - 4 scrolls of enchant weapon
 r - 3 scrolls of remove curse
 B - a scroll of enchant armour
Potions
 o - a potion of cancellation
 A - 2 potions of agility {unknown}
 H - 2 potions of lignification
Books
 v - a book of the Sky

   Spells                             Type                      Level
   a - Summon Lightning Spire         Summoning/Air                4
   b - Airstrike                      Air                          4
   c - Silence                        Hexes/Air                    5
   d - Deflect Missiles               Charms/Air                   6
   e - Conjure Ball Lightning         Conjuration/Air              6
   f - Tornado                        Air                          9
 w - a book of Conjurations

   Spells                             Type                      Level
   a - Magic Dart                     Conjuration                  1
   b - Searing Ray                    Conjuration                  2
   c - Dazzling Spray                 Conjuration/Hexes            3
   d - Fulminant Prism                Conjuration/Hexes            4
   e - Iskenderun's Mystic Blast      Conjuration                  4
   f - Iskenderun's Battlesphere      Conjuration/Charms           5
 E - a Necronomicon

   Spells                             Type                      Level
   a - Haunt                          Necromancy/Summoning         7
   b - Borgnjor's Revivification      Necromancy                   8
   c - Death's Door                   Charms/Necromancy            8
   d - Necromutation                  Transmutation/Necromancy     8
Miscellaneous
 f - a phial of floods (inert)
Comestibles
 c - 3 bread rations
 n - 8 fruits
 x - 3 chunks of flesh


   Skills:
 - Level 9.4 Fighting
 + Level 11.1 Polearms
 + Level 9.8 Armour
 - Level 0.8 Dodging


You had 10 spell levels left.
You didn't know any spells.

Dungeon Overview and Level Annotations

Branches:
Dungeon (9/15)             Temple (0/1) D:7            Lair (0/8) D:8
    Orc (0/2) D:9

Altars:
Ashenzari
Cheibriados
Kikubaaqudgha

Shops:
D:4 }   D:6 [


Innate Abilities, Weirdness & Mutations

You have claws for feet.
You are mostly covered in rough black scales (AC +7, Dex -2).
A weak demonic guardian rushes to your aid.
You are immune to rotting.
You have sharp fingernails.
You have a pair of small horns on your head.
You are agile. (Dex +2)
You can translocate small distances at will.
You possess an exceptional clarity of mind.
Your body often deteriorates upon taking damage.
Your natural rate of healing is unusually fast.
You are robust (+10% HP).


Message History

You claw the hill giant.
The hill giant is lightly wounded.
The hill giant hits you with a giant club.
You hit the hill giant.
You claw the hill giant, but do no damage.
The hill giant is moderately wounded.
The hill giant hits you with a giant club!!!
* * * LOW HITPOINT WARNING * * *
Your body deteriorates!
You feel dopey.
Read which item? (? for menu, Esc to quit)
As you read the scroll of teleportation, it crumbles to dust.
You feel strangely unstable. "This might be better!"
The hill giant suddenly seems more agile.
The hill giant barely misses you. "Time to have some fun!"
You are now a toy of Xom.
The hill giant hits you with a giant club!!!
You die...
Xom bursts into laughter!

#.........(.....#.........#
#..........(....#....>....#
#...........(...#.........#
#............((.'.........#
####..#########.####..##...#
.#########.####.############
...#..........#o.y.####
...'..........#Cyoy####
...#..........#.@S.####
..##..[.##....#..o.####
..########...##....####
........##...##....####
...................####
...................#
........((....>....#
..##....##...##....#
#+##....##...##....#


You could see a hill giant (berserk), an orc warrior, 3 killer bees, an orc
priest (wandering), an adder and an orc (wandering).

Vanquished Creatures
  Pikel (D:7)
  Joseph (D:7)
  A rime drake (shapeshifter) (D:3)
  A jumping spider (D:9)
  2 blink frogs
  8 yaks
  The ghost of FrancescoMac the Covered, an amateur MiFi (D:3)
  A shadow (D:8)
  Grum (D:9)
  A steam dragon (D:4)
  A human (D:5)
  3 wolves
  2 slaves (D:7)
  An ice beast (D:5)
  2 orc warriors (D:8)
  2 sky beasts (D:9)
  A black bear (D:9)
  4 ogres
  3 phantoms
  3 centaurs
  3 big kobolds
  5 giant frogs
  2 scorpions
  2 killer bees
  2 electric eels (D:6)
  14 wights
  3 howler monkeys (D:7)
  3 jellies
  3 crimson imps
  2 giant frog zombies
  5 hounds
  5 orc priests
  A centaur skeleton (D:5)
  A giant frog skeleton (D:8)
  13 orc wizards
  Ijyb (D:2)
  4 iguanas
  A worker ant (shapeshifter) (D:6)
  An iguana (shapeshifter) (D:2)
  5 worker ants
  A hound zombie (D:5)
  A hound skeleton (D:5)
  13 gnolls
  13 adders
  3 shadow imps
  3 adder skeletons
  An adder zombie (D:7)
  A worm (D:3)
  2 dart slugs (D:2)
  11 giant geckos
  34 orcs
  6 ball pythons
  12 bats
  10 giant cockroaches
  54 goblins
  25 hobgoblins
  14 jackals
  6 quokkas
  A giant gecko skeleton (D:5)
  15 giant newts
  A jackal skeleton (D:4)
  16 kobolds
  4 quokka skeletons
  2 quokka zombies
  12 rats
377 creatures vanquished.

Vanquished Creatures (collateral kills)
  A hydra (D:8)
  The ghost of nublet the Ogre Mage, a novice OgEE (D:5)
  A spiny frog (D:8)
  A two-headed ogre (D:8)
  Grinder (D:3)
  2 yaks (D:9)
  An orc warrior (D:7)
  A slave (D:7)
  An ogre (D:7)
  2 crocodiles
  A giant frog (D:7)
  A scorpion (D:5)
  4 killer bees (D:7)
  A howler monkey (D:7)
  A hound (D:7)
  An orc priest (D:4)
  An orc wizard (D:7)
  A sheep (D:8)
  2 adder skeletons (D:7)
  A dart slug (D:3)
  A giant gecko (D:7)
  5 orcs
  A hobgoblin (D:2)
  A giant newt (D:7)
34 creatures vanquished.

Vanquished Creatures (others)
  2 yaks (D:9)
  A slave (D:7)
  A giant frog (D:7)
  A wight (D:7)
  A worm (D:3)
  An orc (D:4)
  2 hobgoblins (D:6)
  A fire vortex (D:2)
10 creatures vanquished.

Grand Total: 421 creatures vanquished

Notes
Turn   | Place    | Note
--------------------------------------------------------------
     0 | D:1      | M4edhros the Demonspawn Chaos Knight began the quest for the Orb.
     0 | D:1      | Reached XP level 1. HP: 18/18 MP: 1/1
    70 | D:1      | Reached skill level 3 in Polearms
    75 | D:1      | XOM: harmless Necr miscast
    83 | D:1      | XOM: divination: detect creatures
   143 | D:1      | Gained mutation: You are partially covered in rough black scales (AC +4, Dex -1). [demonic ancestry]
   143 | D:1      | Reached XP level 2. HP: 24/24 MP: 2/2
   638 | D:1      | XOM: harmless Chrm miscast
  1251 | D:2      | XOM: noise
  1285 | D:2      | Reached XP level 3. HP: 25/29 MP: 3/3
  1286 | D:2      | Noticed Ijyb
  1303 | D:2      | Killed Ijyb
  1303 | D:2      | Reached skill level 4 in Polearms
  1468 | D:2      | XOM: divination: detect items
  1517 | D:2      | XOM: mild Trmt miscast
  1637 | D:2      | XOM: 1-stop teleportation journey
  1740 | D:1      | XOM: summons 4 hostile shadow creatures
  1785 | D:1      | XOM: harmless Fire miscast
  1940 | D:1      | XOM: cast spell 'Ice Form'
  1943 | D:1      | XOM: harmless Conj miscast
  2086 | D:1      | XOM: give mutations
  2086 | D:1      | Gained mutation: Your mind is acute. (Int +2) [Xom's grace]
  2086 | D:1      | Gained mutation: You are resistant to electric shocks. [Xom's grace]
  2086 | D:1      | Gained mutation: You are resistant to hostile enchantments. [Xom's grace]
  2086 | D:1      | Gained mutation: You are robust (+10% HP). [Xom's grace]
  2297 | D:1      | Reached XP level 4. HP: 38/38 MP: 4/4
  2565 | D:1      | XOM: god gift: scroll labeled HEFOOM ODETT
  2736 | D:1      | XOM: cast spell 'Dragon Form'
  3084 | D:1      | XOM: mild Hex miscast
  3345 | D:1      | XOM: colour smoke trail
  3528 | D:1      | XOM: divination: detect creatures
  3666 | D:1      | XOM: harmless Air miscast
  4357 | D:2      | XOM: harmless Fire miscast
  5008 | D:2      | Reached skill level 5 in Polearms
  5031 | D:2      | XOM: mild Trmt miscast
  5478 | D:2      | XOM: colour smoke trail
  5638 | D:1      | XOM: divination: detect creatures
  5649 | D:1      | XOM: silly message
  5676 | D:2      | XOM: polymorph giant gecko -> giant newt
  5738 | D:2      | XOM: cast spell 'Call Canine Familiar'
  5744 | D:2      | Gained mutation: You are immune to rotting. [demonic ancestry]
  5744 | D:2      | Reached XP level 5. HP: 27/45 MP: 5/5
  6445 | D:1      | XOM: harmless Erth miscast
  7048 | D:3      | Reached skill level 6 in Polearms
  7056 | D:3      | Noticed FrancescoMac's ghost (amateur MiFi)
  7135 | D:3      | XOM: 2-stop teleportation journey
  7136 | D:3      | Noticed Grinder
  7136 | D:3      | XOM: silly message
  7138 | D:3      | XOM: polymorph Grinder -> Grinder
  7153 | D:4      | Noticed a wyvern
  7156 | D:4      | Noticed a steam dragon
  7156 | D:4      | a wyvern changed into a steam dragon
  7156 | D:4      | XOM: polymorph wyvern -> steam dragon
  7159 | D:4      | Killed a steam dragon
  7159 | D:4      | Reached XP level 6. HP: 51/51 MP: 6/6
  7309 | D:4      | XOM: colour smoke trail
  7345 | D:4      | XOM: confusion (+ monsters)
  7360 | D:4      | Reached skill level 7 in Polearms
  7586 | D:4      | XOM: divination: detect creatures
  7871 | D:4      | XOM: medium Trmt miscast
  8147 | D:4      | XOM: cast spell 'Spider Form'
  8250 | D:4      | XOM: harmless Pois miscast
  8262 | D:4      | Gained mutation: You have sharp toenails. [demonic ancestry]
  8262 | D:4      | Reached XP level 7. HP: 57/57 MP: 7/7
  8330 | D:4      | XOM: harmless Ice miscast
  8349 | D:4      | XOM: mild Air miscast
  8352 | D:4      | XOM: polymorph scorpion -> ice beast
  8361 | D:4      | XOM: 3-stop teleportation journey
  8363 | D:4      | Found Ezenus's Gadget Boutique.
  8420 | D:4      | XOM: summons 3 hostile demons
  8421 | D:4      | Noticed a ynoxinul
  8421 | D:4      | XOM: chaos cloud
  8433 | D:4      | XOM: noise
  8440 | D:4      | Noticed a blink frog
  8440 | D:4      | an ice beast changed into a blink frog
  8440 | D:4      | XOM: polymorph ice beast -> blink frog
  8458 | D:4      | XOM: harmless Summ miscast
  8461 | D:4      | Killed a blink frog
  8461 | D:4      | Reached skill level 8 in Polearms
  8685 | D:4      | XOM: confusion
  8693 | D:4      | XOM: god gift: phial of floods
  8716 | D:3      | XOM: cast spell 'Summon Small Mammal'
  8719 | D:3      | XOM: cast spell 'Confusing Touch'
  8721 | D:3      | XOM: summons friendly crimson imp
  8725 | D:3      | Killed Grinder
  8754 | D:3      | Killed FrancescoMac's ghost
  8852 | D:2      | XOM: summons 3 hostile demons
  8950 | D:3      | XOM: give mutations
  8950 | D:3      | Gained mutation: Scrolls take you a little longer to read. [Xom's mischief]
  8950 | D:3      | Lost mutation: You are resistant to electric shocks. [Xom's mischief]
  9014 | D:2      | XOM: mild Fire miscast
  9112 | D:2      | XOM: give mutation
  9112 | D:2      | Gained mutation: You evolve. [Xom's grace]
  9305 | D:3      | XOM: stat loss: -1 Dex (12/13)
  9489 | D:2      | XOM: give mutations
  9489 | D:2      | Gained mutation: Your body sometimes deteriorates upon taking damage. [Xom's mischief]
  9489 | D:2      | Gained mutation: You are weak. (Str -2) [Xom's mischief]
  9489 | D:2      | Lost mutation: You are weak. (Str -2) [Xom's mischief]
  9909 | D:2      | XOM: noise
  9947 | D:2      | Gained mutation: You have razor-sharp toenails. [demonic ancestry]
  9947 | D:2      | Reached XP level 8. HP: 63/63 MP: 8/8
 10282 | D:2      | Reached skill level 9 in Polearms
 10296 | D:2      | XOM: colour smoke trail
 10350 | D:2      | XOM: summons 2 hostile shadow creatures
 10425 | D:2      | XOM: harmless Necr miscast
 10451 | D:2      | XOM: medium Tloc miscast
 10458 | D:2      | XOM: give mutations
 10458 | D:2      | Lost mutation: You are resistant to hostile enchantments. [Xom's mischief]
 10458 | D:2      | Gained mutation: Your magical capacity is low (-10% MP). [Xom's mischief]
 10458 | D:2      | Lost mutation: Your magical capacity is low (-10% MP). [Xom's mischief]
 10503 | D:2      | XOM: colour smoke trail
 10958 | D:2      | XOM: harmless Pois miscast
 10972 | D:2      | XOM: give mutations
 10972 | D:2      | Gained mutation: Your flesh is heat resistant. [Xom's mischief]
 10972 | D:2      | Lost mutation: You are robust (+10% HP). [Xom's mischief]
 10972 | D:2      | Gained mutation: Your body often deteriorates upon taking damage. [Xom's mischief]
 10972 | D:2      | Lost mutation: Scrolls take you a little longer to read. [Xom's mischief]
 11014 | D:2      | XOM: torment (21/58 hp)
 11218 | D:2      | Gained mutation: You are mostly covered in rough black scales (AC +7, Dex -2). [evolution]
 11218 | D:2      | Lost mutation: You evolve. [end of evolution]
 11376 | D:2      | XOM: mild Necr miscast
 11969 | D:2      | XOM: silly message
 11991 | D:2      | XOM: give mutations
 11991 | D:2      | Lost mutation: Your flesh is heat resistant. [Xom's mischief]
 11991 | D:2      | Gained mutation: Your flesh is cold resistant. [Xom's mischief]
 12011 | D:2      | XOM: stat loss: -1 Str (11/12)
 12041 | D:2      | XOM: silly message
 12153 | D:3      | Found an ancient bone altar of Kikubaaqudgha.
 12425 | D:3      | Noticed a rime drake
 12425 | D:3      | a worker ant changed into a rime drake
 12427 | D:3      | XOM: harmless Chrm miscast
 12431 | D:3      | XOM: harmless Erth miscast
 12434 | D:3      | XOM: chaos cloud
 12443 | D:3      | Killed a rime drake
 12967 | D:3      | XOM: noise
 13053 | D:3      | XOM: summons 4 hostile demons
 13258 | D:3      | XOM: noise
 13293 | D:3      | XOM: give mutations
 13293 | D:3      | Lost mutation: Your flesh is cold resistant. [Xom's mischief]
 13293 | D:3      | Gained mutation: You occasionally shout uncontrollably at your foes. [Xom's mischief]
 13716 | D:3      | XOM: mild Trmt miscast
 13902 | D:4      | XOM: 4-stop teleportation journey
 13916 | D:4      | XOM: harmless Divn miscast
 13962 | D:4      | XOM: 1-stop teleportation journey
 14298 | D:4      | XOM: 8-stop teleportation journey
 14325 | D:4      | Reached skill level 10 in Polearms
 14858 | D:4      | XOM: summons 2 hostile demons
 15205 | D:4      | XOM: mild Pois miscast
 15229 | D:4      | XOM: harmless Hex miscast
 15231 | D:4      | XOM: god gift: 16 arrows of frost
 15581 | D:4      | XOM: stat loss: -1 Str (10/12)
 15589 | D:4      | XOM: mild Ice miscast
 15692 | D:4      | XOM: medium Hex miscast
 15761 | D:5      | Entered Level 5 of the Dungeon
 15793 | D:5      | XOM: mild Erth miscast
 15794 | D:5      | XOM: noise
 15799 | D:5      | XOM: 7-stop teleportation journey
 15809 | D:5      | XOM: noise
 15822 | D:5      | Gained mutation: You possess an exceptional clarity of mind. [potion of mutation]
 15827 | D:5      | XOM: 1-stop teleportation journey
 15875 | D:5      | XOM: give mutation
 15875 | D:5      | Gained mutation: Scrolls take you a little longer to read. [Xom's mischief]
 16026 | D:5      | XOM: polymorph worker ant -> wolf
 16139 | D:5      | XOM: summons 1 hostile demon
 16418 | D:5      | Noticed nublet's ghost (novice OgEE)
 16439 | D:5      | XOM: chaos upgrade
 16451 | D:5      | XOM: medium Necr miscast
 16463 | D:5      | XOM: 9-stop teleportation journey
 16477 | D:5      | Reached XP level 9. HP: 10/66 MP: 9/9
 16499 | D:5      | XOM: torment (9/66 hp)
 16804 | D:5      | Reached skill level 5 in Fighting
 16929 | D:5      | XOM: give mutations
 16929 | D:5      | Gained mutation: Your skin changes colour to match your surroundings (Stealth). [Xom's mischief]
 16929 | D:5      | Lost mutation: You occasionally shout uncontrollably at your foes. [Xom's mischief]
 16929 | D:5      | Gained mutation: You occasionally shout uncontrollably at your foes. [Xom's mischief]
 17058 | D:5      | XOM: stat loss: -1 Int (12/17)
 17097 | D:5      | XOM: give mutations
 17097 | D:5      | Lost mutation: Your mind is acute. (Int +2) [Xom's mischief]
 17097 | D:5      | Lost mutation: Your body often deteriorates upon taking damage. [Xom's mischief]
 17097 | D:5      | Lost mutation: Scrolls take you a little longer to read. [Xom's mischief]
 17097 | D:5      | Lost mutation: You occasionally shout uncontrollably at your foes. [Xom's mischief]
 17109 | D:5      | XOM: 1-stop teleportation journey
 17145 | D:5      | XOM: silly message
 17251 | D:5      | XOM: give mutations
 17251 | D:5      | Gained mutation: You have a pair of small horns on your head. [Xom's mischief]
 17251 | D:5      | Gained mutation: You regenerate slowly when monsters are visible. [Xom's mischief]
 17309 | D:5      | XOM: medium Fire miscast
 17327 | D:5      | XOM: silly message
 17374 | D:5      | XOM: colour smoke trail
 17436 | D:5      | XOM: fog
 17441 | D:5      | Killed nublet's ghost
 17441 | D:5      | Reached skill level 5 in Armour
 17484 | D:5      | XOM: scenery: 2 doors close
 17530 | D:5      | XOM: scenery: 2 doors open
 17744 | D:5      | XOM: summons friendly ufetubus
 17894 | D:4      | XOM: mild Pois miscast
 18106 | D:6      | Found Peps's Armour Boutique.
 18129 | D:6      | XOM: colour smoke trail
 18133 | D:6      | XOM: divination: magic mapping
 18334 | D:6      | XOM: cast spell 'Metabolic Englaciation'
 18392 | D:6      | Found a glowing drain.
 18439 | Sewer    | Entered a sewer
 18935 | Sewer    | XOM: stat loss: -1 Str (11/12)
 18984 | Sewer    | XOM: colour smoke trail
 19108 | D:6      | XOM: enchant monster (good)
 19155 | D:6      | Found a snail-covered altar of Cheibriados.
 19171 | D:6      | XOM: harmless Summ miscast
 19282 | D:6      | XOM: smoke on damage
 19441 | D:6      | XOM: vitrification
 19516 | D:6      | XOM: potion effect (brilliance)
 19686 | D:6      | Reached XP level 10. HP: 79/79 MP: 10/10
 19716 | D:6      | XOM: confuse monster(s)
 19741 | D:6      | XOM: enchant monster (good)
 19956 | D:6      | XOM: divination: detect creatures
 19973 | D:6      | XOM: polymorph ogre -> centaur
 20141 | D:6      | XOM: medium Necr miscast
 20161 | D:6      | XOM: polymorph hobgoblin -> adder
 20201 | D:6      | Lost mutation: Your skin changes colour to match your surroundings (Stealth). [mutagenic meat]
 20202 | D:6      | Gained mutation: Scrolls take you a little longer to read. [mutagenic meat]
 20203 | D:6      | Lost mutation: Scrolls take you a little longer to read. [mutagenic meat]
 20329 | D:6      | XOM: harmless Necr miscast
 20559 | D:6      | XOM: harmless Conj miscast
 20560 | D:6      | Upgraded the game from 0.18-a0-1523-gbe15c29 to 0.18-a0-1539-g1c7284a
 20853 | D:6      | XOM: summons 3 hostile shadow creatures
 20879 | D:6      | XOM: mild Hex miscast
 20983 | D:7      | Noticed Pikel
 20983 | D:7      | XOM: cast spell 'Summon Dragon'
 21020 | D:7      | XOM: polymorph centaur -> crocodile
 21021 | D:7      | Noticed Joseph
 21043 | D:7      | XOM: noise
 21047 | D:7      | XOM: noise
 21049 | D:7      | Killed Pikel
 21066 | D:7      | Killed Joseph
 21176 | D:7      | XOM: cast spell 'Summon Butterflies'
 21295 | D:6      | XOM: silly message
 21436 | D:6      | XOM: divination: detect creatures
 21540 | D:6      | XOM: divination: detect creatures
 22025 | D:7      | Found a staircase to the Ecumenical Temple.
 22171 | D:7      | XOM: noise
 22272 | D:7      | XOM: cast spell 'Olgreb's Toxic Radiance'
 22289 | D:7      | XOM: confuse monster(s)
 22295 | D:7      | XOM: cast spell 'Warp Weapon'
 22443 | D:7      | XOM: cast spell 'Summon Small Mammal'
 22446 | D:7      | XOM: chaos cloud
 22498 | D:7      | HP: 2/83 [something (10)]
 22597 | D:7      | XOM: harmless Tloc miscast
 22669 | D:7      | XOM: colour smoke trail
 23125 | D:8      | XOM: medium Hex miscast
 23329 | D:8      | XOM: give mutations
 23329 | D:8      | Gained mutation: You are frail (-10% HP). [Xom's mischief]
 23329 | D:8      | Gained mutation: Your magical capacity is low (-10% MP). [Xom's mischief]
 23566 | D:8      | XOM: give mutations
 23566 | D:8      | Lost mutation: You are frail (-10% HP). [Xom's mischief]
 23566 | D:8      | Gained mutation: Your mind is acute. (Int +2) [Xom's mischief]
 23600 | D:8      | XOM: summons 1 hostile demon
 24031 | D:8      | Found a staircase to the Lair.
 24032 | D:8      | Noticed an elephant
 24032 | D:8      | XOM: repel stairs
 24037 | D:8      | XOM: summons friendly white imp
 24046 | D:8      | XOM: enchant monster (good)
 24054 | D:8      | XOM: noise
 24062 | D:8      | XOM: cast spell 'Confusing Touch'
 24088 | D:8      | XOM: chaos cloud
 24095 | D:8      | XOM: confuse monster(s)
 24107 | D:8      | XOM: summons 3 friendly demons
 24119 | D:8      | XOM: blink monster(s)
 24136 | D:8      | XOM: give mutation
 24136 | D:8      | Gained mutation: You have claws for feet. [Xom's mischief]
 24140 | D:8      | XOM: enchant monster (good)
 24153 | D:8      | XOM: give mutations
 24153 | D:8      | Lost mutation: Your mind is acute. (Int +2) [Xom's mischief]
 24153 | D:8      | Gained mutation: Your body often deteriorates upon taking damage. [Xom's mischief]
 24177 | D:8      | XOM: confuse monster(s)
 24180 | D:8      | XOM: god gift: 49 gold pieces
 24206 | D:8      | XOM: cast spell 'Metabolic Englaciation'
 24209 | D:8      | XOM: noise
 24210 | D:8      | an elephant changed into a yaktaur
 24210 | D:8      | XOM: polymorph elephant -> yaktaur
 24217 | D:8      | XOM: potion effect (curing)
 24224 | D:8      | XOM: summons 3 friendly demons
 24240 | D:8      | XOM: polymorph yaktaur -> spriggan
 24254 | D:8      | Noticed a spiny frog
 24254 | D:8      | a spriggan changed into a spiny frog
 24254 | D:8      | XOM: polymorph spriggan -> spiny frog
 24257 | D:8      | XOM: summons 5 friendly demons
 24259 | D:8      | Killed a spiny frog
 24300 | D:8      | XOM: god gift: glowing halberd {god gift}
 24306 | D:8      | XOM: 2-stop teleportation journey
 24310 | D:8      | Found a shattered altar of Ashenzari.
 24510 | D:8      | XOM: 4-stop teleportation journey
 24556 | D:8      | XOM: 4-stop teleportation journey
 24566 | D:8      | XOM: confuse monster(s)
 24935 | D:8      | XOM: give mutations
 24935 | D:8      | Gained mutation: You have a pair of horns on your head. [Xom's grace]
 24935 | D:8      | Gained mutation: You are agile. (Dex +2) [Xom's grace]
 25054 | D:8      | XOM: vitrification
 25574 | D:8      | XOM: cast spell 'Dragon Form'
 26124 | D:8      | XOM: give mutations
 26124 | D:8      | Gained mutation: You are robust (+10% HP). [Xom's grace]
 26124 | D:8      | Lost mutation: You regenerate slowly when monsters are visible. [Xom's grace]
 26124 | D:8      | Gained mutation: Your natural rate of healing is unusually fast. [Xom's grace]
 26124 | D:8      | Lost mutation: Your magical capacity is low (-10% MP). [Xom's grace]
 26124 | D:8      | Gained mutation: You have sharp fingernails. [Xom's grace]
 26472 | D:8      | XOM: silly message
 26563 | D:8      | XOM: silly message
 26689 | D:8      | XOM: harmless Necr miscast
 26744 | D:9      | XOM: enchant monster (bad)
 26756 | D:9      | XOM: swap monsters
 26768 | D:9      | XOM: enchant monster (good)
 26784 | D:9      | XOM: noise
 26787 | D:9      | XOM: potion effect (invisibility)
 26796 | D:9      | Gained mutation: A weak demonic guardian rushes to your aid. [demonic ancestry]
 26796 | D:9      | Reached XP level 11. HP: 36/97 MP: 11/11
 26797 | D:9      | XOM: divination: magic mapping
 26828 | D:9      | XOM: medium Fire miscast
 26853 | D:9      | Lost mutation: You have a pair of horns on your head. [mutagenic meat]
 26857 | D:9      | Gained mutation: You can translocate small distances at will. [mutagenic meat]
 27061 | D:9      | XOM: mild Air miscast
 27150 | D:8      | XOM: scenery: 2 doors close
 27204 | D:8      | XOM: god gift: leather armour {god gift}
 27398 | D:8      | XOM: scenery: 2 doors open
 27607 | D:9      | XOM: harmless Trmt miscast
 27647 | D:9      | Noticed Grum
 27678 | D:9      | Killed Grum
 27755 | D:9      | XOM: polymorph sky beast -> basilisk
 27756 | D:9      | XOM: mild Necr miscast
 27911 | D:9      | XOM: noise
 27921 | D:9      | Found a staircase to the Orcish Mines.
 27977 | D:9      | Noticed a hill giant
 27980 | D:9      | XOM: 2-stop teleportation journey
 27983 | D:9      | XOM: blink monster(s)
 28023 | D:9      | XOM: polymorph yak -> jumping spider
 28030 | D:9      | XOM: enchant monster (good)
 28047 | D:9      | XOM: divine lightning
 28048 | D:9      | XOM: cast spell 'Disjunction'
 28326 | D:8      | XOM: harmless Fire miscast
 28337 | D:9      | XOM: noise
 28369 | D:9      | XOM: harmless Chrm miscast
 28374 | D:9      | XOM: divination: detect items
 28379 | D:9      | XOM: potion effect (berserk rage)
 28761 | D:8      | XOM: harmless Necr miscast
 29035 | D:8      | XOM: harmless Necr miscast
 29090 | D:8      | XOM: noise
 29300 | D:8      | Noticed an eight-headed hydra
 29303 | D:8      | XOM: cast spell 'Confusing Touch'
 29306 | D:8      | Killed an eight-headed hydra
 29306 | D:8      | Reached skill level 11 in Polearms
 29551 | D:8      | Noticed a deep troll
 29553 | D:9      | XOM: butterfly on damage
 29564 | D:9      | XOM: summons 5 friendly demons
 29574 | D:9      | XOM: confuse monster(s)
 29579 | D:9      | XOM: harmless Erth miscast
 29625 | D:8      | XOM: enchant monster (good)
 29676 | D:8      | XOM: summons friendly white imp
 29733 | D:8      | XOM: enchant monster (good)
 29747 | D:8      | XOM: silly message
 29774 | D:8      | XOM: harmless Necr miscast
 29833 | D:7      | XOM: noise
 30019 | D:8      | XOM: mild Erth miscast
 30051 | D:9      | XOM: vitrification
 30061 | D:9      | XOM: enchant monster (bad)
 30062 | D:9      | XOM: summons 3 hostile shadow creatures
 30062 | D:9      | Annihilated by a hill giant

Vault maps used:
D:1:      minmay_arrival_loop, minmay_distorted
D:2:      uniq_iyjb
D:3:      overflow_temple_1_default, uniq_grinder
D:4:      serial_shops, nicolae_shop_competitors_out_of_business
D:5:      first_bread
D:6:      minmay_goblin_kobold_castle, serial_shops, nicolae_shop_trees,
          gup_sewer_entry_glass, basic_altar, grunt_ministairs_11,
          wad_floor_pattern_untrapped
D:7:      minmay_temple_entry_overgrown, uniq_pikel, uniq_joseph
D:8:      nicolae_ashenzari_panopticon, david_lair_generic
D:9:      hangedman_cross_veins, uniq_grum
Sewer:    sewer_frog_island_01

Skill      XL: |  1  2  3  4  5  6  7  8  9 10 11 |
---------------+----------------------------------+-----
Polearms       | 3 4 5 6 7 8 10 11 | 11.1
Armour         | 3 6 9 |  9.8
Fighting       | 4 7 9 |  9.4
Dodging        | |  0.8

Action                   |  1- 3 |  4- 6 |  7- 9 | 10-12 || total
-------------------------+-------+-------+-------+-------++-------
Melee: Spear             |   126 |   282 |   880 |   480 ||  1768
       Unarmed           |       |     1 |       |     2 ||     3
       Halberd           |       |       |       |   284 ||   284
Evoke: Wand              |       |     6 |     4 |    10 ||    20
       Phial of floods   |       |       |     2 |       ||     2
  Use: Scroll            |       |     7 |     6 |     8 ||    21
       Potion            |       |       |    13 |     3 ||    16
 Stab: Petrifying        |     2 |       |     9 |     2 ||    13
       Sleeping          |     1 |     1 |       |       ||     2
       Paralysed         |       |     5 |     1 |     4 ||    10
       Confused          |       |     3 |     5 |     8 ||    16
       Petrified         |       |       |     1 |       ||     1
       Invisible         |       |       |       |     7 ||     7
       Distracted        |       |       |       |     1 ||     1
  Eat: Chunk             |     4 |    17 |    27 |    39 ||    87
       Meat ration       |       |       |     1 |       ||     1
       Bread ration      |       |       |     1 |     3 ||     4
       Royal jelly       |       |       |     1 |       ||     1
       Fruit             |       |       |       |     1 ||     1
